 Dungeon Crawl Stone Soup version 0.30.0 (webtiles) character file.

Game seed: 3791616491375131145

56 dolemite99 the Twirler (level 3, -1/27 HPs)
             Began as a Demonspawn Gladiator on May 6, 2023.
             Was an Initiate of Dithmenos.
             Slain by a goblin
             ... wielding a +0 club
             ... led by Robin
              (4 damage)
             ... on level 2 of the Dungeon.
             The game lasted 00:01:44 (1568 turns).

dolemite99 the Twirler (Demonspawn Gladiator)       Turns: 1568, Time: 00:01:45

Health: -1/27      AC:  5    Str: 14 (16) XL:     3   Next: 71%
Magic:  3/3        EV: 11    Int:  7 (9)  God:    Dithmenos [......]
Gold:   91         SH:  4    Dex: 13 (14) Spells: 2/2 levels left

rFire   . . .        a - +0 quarterstaff
rCold   . . .        (shield currently unavailable)
rNeg    . . .        p - +0 ring mail
rPois   .            (helmet restricted)
rElec   .            (no cloak)
rCorr   .            (no gloves)
SInv    .            (no boots)
Will    .....        (no amulet)
Stlth   +            (no ring)
HPRegen 0.24/turn    (no ring)
MPRegen 0.08/turn

%: no passive effects
@: no status effects
A: antennae 1, demonic magic 1, large bone plates 1
a: Renounce Religion


You were on level 2 of the Dungeon.
You worshipped Dithmenos.
Dithmenos was noncommittal.
You visited 1 branch of the dungeon, and saw 2 of its levels.

You collected 91 gold pieces.

Inventory:

Hand Weapons
 a - a +0 quarterstaff (weapon)
Missiles
 d - 3 throwing nets (quivered)
 e - a javelin
 q - 5 poisoned darts
Armour
 b - a +0 leather armour
 c - a +0 helmet
 h - a +0 helmet of intelligence
 p - a +0 ring mail (worn)
Magical Staves
 n - a staff of fire
Scrolls
 g - 2 scrolls of identify {@r1}
 i - 3 scrolls of magic mapping
 k - a scroll of immolation {unknown}
 m - a scroll of noise {unknown}
 o - 2 scrolls of poison {unknown}


   Skills:
 - Level 2.0 Fighting
 + Level 4.3 Staves
 - Level 1.7 Throwing
 - Level 2.6 Dodging


You had 2 spell levels left.
You didn't know any spells.
Your spell library contained the following spells:

 Spells                   Type           Power      Damage    Failure   Level
 Summon Small Mammal      Summ           0%         N/A       67%         1
 Call Canine Familiar     Summ           0%         N/A       96%         3
 Gell's Gravitas          Tloc           0%         N/A       96%         3
 Summon Guardian Golem    Hex/Summ       0%         N/A       96%         3
 Teleport Other           Tloc           0%         N/A       96%         3
 Dispersal                Tloc           0%         N/A       100%        6


Dungeon Overview and Level Annotations

Branches:
Dungeon (2/15)

Altars:
Dithmenos

Annotations:
D:2 Robin


Innate Abilities, Weirdness & Mutations

You have a pair of small antennae on your head.
Spells you cast may paralyse adjacent enemies.
You are partially covered in large bone plates. (SH +4)


Message History

There are monsters nearby!
There are monsters nearby!
The goblin shouts! x2
Robin roars a battlecry!
The goblins go into a battle-frenzy!
The goblin barely misses you. Robin throws the goblin at you!
The goblin hits you with a +0 dagger.
You barely miss the goblin. The goblin hits you with a +0 dagger.
The goblin misses you.
You closely miss the goblin. The goblin hits you with a +0 dagger.
The goblin closely misses you. The hobgoblin closely misses you.
The goblin barely misses you. The goblin hits you but does no damage.
You closely miss the goblin. The goblin barely misses you.
The goblin hits you with a +0 dagger. The hobgoblin hits you.
The goblin closely misses you. The goblin hits you with a +0 dagger.
As you read the scroll labelled RYUBBI AJAKLI, it crumbles to dust.
It is a scroll of identify.
i - 3 scrolls of magic mapping The goblin barely misses you.
The goblin completely misses you. The hobgoblin hits you.
The goblin hits you but does no damage. The goblin hits you with a +0 dagger.
It was a potion of degeneration.
There was something very wrong with that liquid.
You feel weakened.
You feel dopey.
You feel clumsy. The goblin hits you but does no damage.
The goblin hits you with a +0 dagger.
* * * LOW HITPOINT WARNING * * *
The hobgoblin barely misses you. The goblin barely misses you.
The goblin closely misses you.
It was a potion of mutation.
You feel extremely strange.
Large bone plates grow over parts of your arms.
The goblin barely misses you. The goblin hits you but does no damage.
The hobgoblin barely misses you.
The goblin hits you but does no damage. x2
It was a potion of magic.
Magic courses through your body.
Robin says, "Bow before me, strongest of all the hobgoblins!"
You block the goblin's attack. The goblin hits you with a +0 dagger.
* * * LOW HITPOINT WARNING * * *
The hobgoblin hits you.
* * * LOW HITPOINT WARNING * * *
The goblin hits you with a +0 club.
You die...

#### ##..# .## ##..## ..g ##....#
.... #### #....## ..... ..#
....## #....##g# .....#
....$.#g## ....##
#....gggg############ .#.##
#.ggg@g........... ####
##.#g####.######## # #######..#
#### ####.#..<..## ### .#.##
##.#.....#### #.. ....##
##........# ######.. .....#
#.........## ###....... ....##
##......#..######......#..
.....###....#................(..#


You could see Robin, 2 hobgoblins and 8 goblins.

Vanquished Creatures
  2 adders (D:2)
  A worm (D:2)
  3 ball pythons (D:2)
  5 endoplasms
  2 giant cockroaches (D:2)
  2 goblins (D:2)
  5 hobgoblins
  2 quokkas (D:1)
  3 bats (D:2)
  2 frilled lizards (D:1)
  3 kobolds (D:2)
  5 rats
35 creatures vanquished.

Notes
Turn   | Place    | Note
-------+----------+-------------------------------------------
     0 | D:1      | dolemite99 the Demonspawn Gladiator began the quest for the
                  | Orb.
     0 | D:1      | Reached XP level 1. HP: 16/16 MP: 1/1
    86 | D:1      | Reached skill level 3 in Staves
   197 | D:1      | Gained mutation: Spells you cast may paralyse adjacent
                  | enemies. [demonic ancestry]
   197 | D:1      | Reached XP level 2. HP: 22/22 MP: 2/2
   928 | D:2      | Found a shadowy altar of Dithmenos.
   948 | D:2      | Gained mutation: You have a pair of small antennae on your
                  | head. [demonic ancestry]
   948 | D:2      | Reached XP level 3. HP: 17/27 MP: 3/3
  1084 | D:2      | Became a worshipper of Dithmenos the Shadowed
  1175 | D:2      | Reached skill level 4 in Staves
  1559 | D:2      | Noticed Robin
  1567 | D:2      | Gained mutation: You are partially covered in large bone
                  | plates. (SH +4) [potion of mutation]
  1568 | D:2      | Slain by a goblin

Illustrated notes

Levels and vault maps discovered:
D:1:      minmay_arrival_split_and_join, layout_rooms
D:2:      layout_rooms, basic_altar, dk_noncrumbling_2,
          nicolae_figureground_sparkle, uniq_robin

Skill      XL: |  1  2  3 |
---------------+----------+-----
Staves         | 3 4 |  4.3
Fighting       | |  2.0
Throwing       | |  1.7
Dodging        | |  2.6

Action                     || total
---------------------------++-------
  Melee: Quarterstaff      ||   106
    Use: Scroll            ||     2
         Potion            ||     3
 Armour: Leather armour    ||    14
         Ring mail         ||    30
  Dodge: Dodged            ||    81
  Block: Other             ||     1
